 Dungeon Crawl Stone Soup version 0.32-a0-900-g30fb1b0edc (webtiles) character file.

Game seed: 4731745068452889106

2839 Twinkles the Covert (level 9, -6/63 HPs)
             Began as an Octopode Brigand on Apr 6, 2024.
             Was a Believer of Wu Jian.
             Hit by a javelin thrown by a centaur (13 damage)
             ... in a bailey.
             The game lasted 00:30:13 (7206 turns).

Twinkles the Covert (Octopode Brigand)              Turns: 7206, Time: 00:30:13

Health: -6/63      AC:  1    Str: 12    XL:     9   Next: 74%
Magic:  9/9        EV: 17    Int: 13    God:    Wu Jian [**....]
Gold:   513        SH:  7    Dex: 16    Spells: 8/8 levels left

rFire   + + .        a - +4 dagger
rCold   . . .        k - +0 kite shield
rNeg    . . .        (helmet currently unavailable)
rPois   .            d - amulet of faith
rElec   .            w - +5 ring of evasion
rCorr   .            h - ring of protection from fire
SInv    .            D - ring of protection from fire
Will    .....        (no ring)
Stlth   ++++++       (no ring)
HPRegen 0.30/turn    (no ring)
MPRegen 0.11/turn    (no ring)
                     (no ring)

%: faith
@: about to teleport, beast-form, weak-willed, studying Axes
A: beast (slay +2), almost no armour, amphibious, 8 rings, camouflage 1,
gelatinous body 1, nimble swimmer 1, tentacles
a: Begin Untransformation, Renounce Religion, Wall Jump


You were in a bailey.
You worshipped Wu Jian.
Wu Jian was pleased with you.
You were a hulking beast.
You visited 2 branches of the dungeon, and saw 9 of its levels.
You also visited: Bailey.

You collected 513 gold pieces.

Inventory:

Hand Weapons
 a - a +4 dagger (weapon)
 b - a +2 dagger of holy wrath
 l - a +0 rapier
 m - a +0 scimitar
 t - a +4 spear
Missiles
 c - a curare-tipped dart
 f - 3 javelins
 i - a throwing net
 r - 4 poisoned darts (quivered)
Armour
 k - a +0 kite shield (worn)
Jewellery
 d - an amulet of faith (around mantle)
 h - a ring of protection from fire (right tentacle)
 w - a +5 ring of evasion (left tentacle)
 D - a ring of protection from fire (on tentacle)
Talismans
 v - a beast talisman (active)
Wands
 e - a wand of charming (7)
 p - a wand of light (7)
 q - a wand of flame (14)
 y - a wand of mindburst (13)
Scrolls
 g - 2 scrolls of poison {unknown}
 n - a scroll of enchant weapon {unknown}
 x - 2 scrolls of noise {unknown}
 C - a scroll of amnesia {unknown}
 E - 2 scrolls of immolation {unknown}
 V - 2 scrolls of vulnerability
 Y - 8 scrolls of teleportation
 Z - a scroll of identify
Potions
 o - a potion of mutation {unknown}
 s - 2 potions of enlightenment
 z - a potion of magic {unknown}
 A - 2 potions of attraction
 B - 2 potions of brilliance
 J - a potion of curing
 P - 3 potions of lignification


   Skills:
 + Level 6.3 Fighting
 - Level 2.0 Short Blades
 - Level 2.0 Throwing
 + Level 6.0 Dodging
 + Level 10.1 Stealth
 + Level 5.8 Unarmed Combat
 + Level 4.3 Shapeshifting


You had 8 spell levels left.
You didn't know any spells.
Your spell library contained the following spells:

 Spells                   Type           Power      Damage    Failure   Level
 Kiss of Death            Conj/Necr      0%         2d5       80%         1
 Sandblast                Erth           0%         2d4       80%         1
 Slow                     Hex            0%         N/A       80%         1
 Cigotuvi's Dreadful Rot  Necr/Alch/Air  0%         N/A       91%         2
 Ensorcelled Hibernation  Hex/Ice        0%         N/A       91%         2
 Confusing Touch          Hex            0%         N/A       99%         3
 Passwall                 Erth           0%         N/A       99%         3
 Stone Arrow              Conj/Erth      0%         3d7       99%         3
 Swiftness                Air            0%         N/A       99%         3
 Vampiric Draining        Necr           0%         2d6       99%         3
 Brom's Barrelling Bould  Conj/Erth      0%         2d3       100%        4
 Dispel Undead            Necr           0%         3d6       100%        4
 Ignite Poison            Fire/Alch      0%         N/A       100%        4
 Freezing Cloud           Conj/Ice/Air   0%         6-21      100%        5


Dungeon Overview and Level Annotations

Branches:
Dungeon (8/15) Zot: 26779  Temple (1/1) D:5 Zot: 5948  Bailey (1/1) Zot: 5100
   Lair: D:8-11

Altars:
Ashenzari
Cheibriados
Dithmenos
Elyvilon
Fedhas
Gozag
Hepliaklqana
Kikubaaqudgha
Makhleb
Nemelex Xobeh
Okawaru
Qazlal
Ru
Sif Muna
Trog
Uskayaw
Vehumet
Wu Jian
Xom
Yredelemnul
Zin
The Shining One

Annotations:
D:3 3 runed translucent doors, timneilson's ghost, amateur KoEn
D:5 Sigmund
D:8 2 exclusions


Innate Abilities, Weirdness & Mutations

You are a hulking beast.
Your limbs bulge with bestial killing power. (Slay +2)
You cannot wear most types of armour.
You are amphibious.
You can wear up to eight rings at the same time.
Your skin changes colour to match your surroundings (Stealth+).
Your rubbery body absorbs attacks. (AC +1, EV +1)
You are camouflaged when in or above water. (Stealth+)
You have tentacles for arms and can constrict up to eight enemies at once.


Message History

You block the centaur's attack.
You hit the centaur but do no damage. You block the centaur's attack.
The centaur kicks you. You block the centaur's attack. The centaur misses you.
You hit the centaur.
The centaur is lightly wounded.
The centaur hits you with a +0 spear. The centaur barely misses you.
You block the centaur's attack. The centaur misses you.
You barely miss the centaur.
The centaur is lightly wounded.
The centaur hits you with a +0 spear. You block the centaur's attack.
You puncture the centaur! Your squeeze misses the centaur.
The centaur is moderately wounded.
The centaur hits you with a +0 spear. The centaur kicks you.
You block the centaur's attack.
The centaur kicks you but does no damage.
You spin and attack the centaur.
The centaur shouts!
You hit the centaur. Your squeeze misses the centaur.
The centaur is moderately wounded.
You hear a shout! x2
The centaur throws a javelin.
The javelin pierces through you! You block the centaur's attack.
The centaur completely misses you.
An orc comes into view. It is wielding a +0 halberd.
The centaur throws a javelin.
The javelin closely misses you. The centaur barely misses you.
You block the centaur's attack.
The centaur throws a javelin.
The javelin pierces through you!
* * * LOW HITPOINT WARNING * * *
As you read the scroll of teleportation, it crumbles to dust.
You feel strangely unstable.
The centaur hits you from afar with a +0 spear!
* * * LOW HITPOINT WARNING * * *
The centaur throws a javelin.
The javelin pierces through you!
* * * LOW HITPOINT WARNING * * *
You feel better.
The centaur throws a javelin.
The javelin closely misses you.
As you read the scroll labelled ROYTIA FOAHOLE, it crumbles to dust.
A wave of despondency washes over your surroundings.
It was a scroll of vulnerability.
V - 2 scrolls of vulnerability The centaur throws a javelin.
The javelin pierces through you!
You die...

≈≈≈≈≈≈≈≈## ##≈≈≈≈≈≈≈≈≈
.).......## ##≈≈≈≈≈≈≈≈≈≈
..........###≈≈≈≈≈≈≈≈...
###⌠.......#≈≈≈≈≈≈≈.o≈≈≈
..#####....#≈≈≈≈≈c.≈≈≈..
≈≈....##...#≈≈≈≈.≈≈≈....
.≈≈≈.⌠.#...#≈≈≈≈c≈......
≈..≈≈..#...#≈≈≈.≈≈.⌠....
≈≈≈.≈≈.#⌠..#≈≈≈.h.......
..≈≈.≈.##..#≈≈.≈≈..(.≈≈≈
≈≈.≈.≈≈.#..#####...≈≈≈~~
.≈.≈≈.≈.#..)......≈≈≈~≈≈
.≈....≈.#..)..)...≈≈≈~~)
.≈.≈≈.≈.#..'......≈≈≈~≈≈
≈≈.≈)≈≈.#.)#####(..≈≈≈~~
..≈≈.≈)##..#≈≈c≈≈((..≈≈≈
≈≈≈.≈≈.#)..#≈≈≈.≈....(..


You could see 2 centaurs and an orc (weak-willed).

Vanquished Creatures
  A yak (D:7)
  2 steam dragons (D:7)
  Menkaure (D:7)
  Duvessa (D:4)
  2 ice beasts
  7 orc warriors
  A centaur (Bailey)
  A phantom (D:7)
  2 kobold brigands
  2 bullfrogs
  2 scorpions
  Dowan (D:4)
  4 killer bees (D:7)
  A howler monkey (D:7)
  2 hounds (D:6)
  An iron imp (D:3)
  3 jellies
  2 orc priests (D:8)
  10 gnolls
  11 adders
  2 white imps
  4 dart slugs
  30 orcs
  5 endoplasms
  4 giant cockroaches
  10 goblins
  7 hobgoblins
  10 jackals
  14 kobolds
  4 quokkas
  3 ball pythons
  4 bats (D:1)
  8 frilled lizards
  6 rats
168 creatures vanquished.

Notes
Turn   | Place    | Note
-------+----------+-------------------------------------------
     0 | D:1      | Twinkles the Octopode Brigand began the quest for the Orb.
     0 | D:1      | Reached XP level 1. HP: 14/14 MP: 1/1
   118 | D:1      | Reached XP level 2. HP: 15/19 MP: 2/2
   151 | D:1      | Found a faded altar of an unknown god.
   474 | D:1      | Reached XP level 3. HP: 25/25 MP: 3/3
   478 | D:1      | Reached skill level 1 in Unarmed Combat
  1331 | D:2      | Reached XP level 4. HP: 30/30 MP: 4/4
  1440 | D:2      | Reached skill level 6 in Stealth
  1442 | D:2      | HP: 5/30 [gnoll/+0 spear (6)]
  1864 | D:3      | Reached XP level 5. HP: 34/36 MP: 5/5
  2138 | D:3      | Found a runed translucent gate.
  2138 | D:3      | Found a runed translucent gate.
  2142 | D:3      | Found a runed translucent gate.
  2149 | D:3      | Noticed timneilson's ghost (amateur KoEn)
  2285 | D:3      | Found a burning altar of Makhleb.
  2677 | D:4      | Noticed Duvessa
  2679 | D:4      | Noticed Dowan
  2691 | D:4      | Killed Duvessa
  2692 | D:4      | Reached XP level 6. HP: 24/42 MP: 6/6
  2699 | D:4      | Killed Dowan
  2700 | D:4      | Reached skill level 7 in Stealth
  3351 | D:5      | Entered Level 5 of the Dungeon
  3365 | D:5      | Found a shadowy altar of Dithmenos.
  3403 | D:5      | Noticed Sigmund
  3444 | D:5      | Found a staircase to the Ecumenical Temple.
  3451 | Temple   | Entered the Ecumenical Temple
  3477 | Temple   | Became a worshipper of the Wu Jian Council
  3657 | D:5      | Reached XP level 7. HP: 47/47 MP: 7/7
  3785 | D:5      | Found a hazy altar of Hepliaklqana.
  4158 | D:6      | Reached skill level 1 in Shapeshifting
  4630 | D:6      | Found a broken altar of Ashenzari.
  4775 | D:6      | Reached * piety under Wu Jian
  4906 | D:6      | Reached skill level 8 in Stealth
  4917 | D:6      | Reached XP level 8. HP: 51/54 MP: 8/8
  5070 | D:7      | Noticed Menkaure
  5072 | D:7      | Killed Menkaure
  5120 | D:7      | Reached skill level 5 in Fighting
  5125 | D:7      | Noticed a yak
  5126 | D:7      | Killed a yak
  5158 | D:7      | Reached skill level 9 in Stealth
  5160 | D:7      | Reached skill level 5 in Dodging
  5217 | D:7      | Found a shimmering blue altar of Sif Muna.
  5259 | D:7      | Reached skill level 5 in Unarmed Combat
  5259 | D:7      | Reached XP level 9. HP: 29/61 MP: 9/9
  5621 | D:7      | HP: 25/93 [killer bee (5)]
  5626 | D:7      | HP: 26/93 [killer bee (7)]
  5635 | D:7      | HP: 25/93 [killer bee (2)]
  5640 | D:7      | HP: 25/93 [killer bee (1)]
  6231 | D:8      | Found a flagged portal.
  6278 | D:8      | Reached ** piety under Wu Jian
  6316 | Bailey   | Entered a bailey
  6336 | Bailey   | HP: 11/62 [centaur/+0 spear (11)]
  6341 | Bailey   | HP: 16/62 [centaur/+0 spear (9)]
  6793 | Bailey   | Reached skill level 10 in Stealth
  7203 | Bailey   | HP: 15/63 [centaur/javelin (12)]
  7204 | Bailey   | HP: 1/63 [centaur/javelin (8)]
  7206 | Bailey   | Hit by a javelin thrown by a centaur

Illustrated notes

Levels and vault maps discovered:
D:1:      onia_arrival_mini_spirals, layout_basic,
          hellmonk_ecumenical_altar_leap_of_faith, dreamdust_mushroom_princess
D:2:      layout_rooms
D:3:      minmay_chambers_of_threes, layout_basic, demons_altar,
          gammafunk_ghost_split, minmay_cut_off
D:4:      layout_loops_ring, uniq_duvessa
D:5:      layout_loops_cross, lemuel_tele_altar, mainiacjoe_overflow_alcove_4,
          minmay_temple_entry_ruins, uniq_sigmund
D:6:      layout_basic, nicolae_ashenzari_skybound, nicolae_water_bricks
D:7:      layout_gridville, nicolae_sif_muna_condensation, minmay_manual_mail,
          uniq_menkaure
D:8:      layout_loops_ring, enter_bailey_3, corexii_checkpoint
Temple:   bh_familiar_temple
Bailey:   bailey_polearm_flooded_kennysheep, bailey

Skill      XL: |  1  2  3  4  5  6  7  8  9 |
---------------+----------------------------+-----
Unarmed Combat | 1 2 3 5 |  5.8
Dodging        | 2 3 4 5 6 |  6.0
Stealth        | 6 7 8 9 10 | 10.1
Fighting       | 3 4 5 6 |  6.3
Shapeshifting  | 1 3 4 |  4.3
Short Blades   | |  2.0
Throwing       | |  2.0

Action                     |  1- 3 |  4- 6 |  7- 9 || total
---------------------------+-------+-------+-------++-------
  Melee: Dagger            |    58 |    90 |   159 ||   307
         Constrict         |    13 |    25 |    25 ||    63
         Tentacles         |     8 |    20 |    29 ||    57
  Throw: Dart              |     1 |    12 |    59 ||    72
Ability: Lunge             |       |     1 |    32 ||    33
         Whirlwind         |       |       |     4 ||     4
  Evoke: Wand              |       |       |     9 ||     9
    Use: Scroll            |       |       |     8 ||     8
         Potion            |       |       |     5 ||     5
   Stab: Sleeping          |    14 |    16 |    25 ||    55
         Distracted        |       |       |     1 ||     1
 Armour: Skin              |    16 |    25 |   166 ||   207
  Dodge: Dodged            |    21 |    39 |    90 ||   150
  Block: Kite shield       |     7 |    24 |   105 ||   136
   Form: Beast             |       |     1 |       ||     1

Table legend: (Time is in decaauts)
 A = Elapsed time spent in this place.
 B = Non-inter-level travel time spent in this place.
 C = Inter-level travel time spent in this place.
 D = Time resting spent in this place.
 E = Time spent auto-exploring this place.
 F = Levels seen in this place.
 G = Mean time per level.
                   A        B        C        D        E       F      G
               +--------+--------+--------+--------+--------+-----+--------+
         Total |   7245 |   6923 |    322 |    425 |   4741 |  10 |  724.5 |
       Dungeon |   6295 |   6022 |    273 |    161 |   4702 |   8 |  786.9 |
        Temple |     51 |      2 |     49 |      0 |      0 |   1 |   51.0 |
        Bailey |    898 |    898 |      0 |    264 |     39 |   1 |  898.0 |
               +--------+--------+--------+--------+--------+-----+--------+

Top non-repeatable levels by time:
     D:7: 1036 daAuts
     D:1: 1012 daAuts
     D:6: 932 daAuts
     D:3: 911 daAuts
  Bailey: 898 daAuts
     D:4: 769 daAuts
     D:5: 740 daAuts
     D:2: 673 daAuts
     D:8: 220 daAuts
  Temple: 51 daAuts
